 Dungeon Crawl Stone Soup version 0.17-a0-1078-g243345b (webtiles) character file.

105 wvc the Chopper (level 4, 37/37 HPs)
             Began as a Hill Orc Gladiator on May 17, 2015.
             Quit the game on level 3 of the Dungeon on May 18, 2015.
             The game lasted 00:04:15 (2230 turns).

wvc the Chopper (Hill Orc Gladiator)                Turns: 2230, Time: 00:04:15

Health: 37/37      AC:  5    Str: 17    XL:     4   Next: 83%
Magic:  4/4        EV: 12    Int: 13    God:
Gold:   106        SH:  0    Dex: 12    Spells: 0 memorised, 3 levels left

rFire  . . .     SeeInvis .     a - +0 war axe
rCold  . . .     Clarity  .     b - +0 leather armour
rNeg   . . .     SustAb   .     (no shield)
rPois  .         Gourm    .     c - +1 helmet
rElec  .         Spirit   .     (no cloak)
rCorr  .         Warding  .     (no gloves)
rMut   .         Stasis   .     (no boots)
MR     .....                    (no amulet)
Stlth  +.........               (no ring)
                                (no ring)

@: brilliant, exhausted, about to teleport, very slightly contaminated, hasted
and slowed, not resistant to hostile enchantments, very unstealthy
A: no striking features
a: no special abilities


You were on level 3 of the Dungeon.
You were very hungry.

You visited 1 branch of the dungeon, and saw 3 of its levels.

You collected 106 gold pieces.

Inventory:

Hand weapons
 a - a +0 war axe (weapon)
Missiles
 d - 3 throwing nets (quivered)
Armour
 b - a +0 leather armour (worn)
 c - a +1 helmet (worn)
Scrolls
 f - a scroll of enchant armour
 g - 5 scrolls of identify
 h - 4 scrolls of noise
 j - 2 scrolls of blinking
 m - a scroll of remove curse
 p - a scroll of fear
Potions
 i - 3 potions of heal wounds
Books
 s - a book of Summonings

   Spells                             Type                      Level
   a - Recall                         Summoning/Translocation      3
   b - Aura of Abjuration             Summoning                    5
   c - Shadow Creatures               Summoning                    5
   d - Summon Demon                   Summoning                    5
   e - Summon Forest                  Summoning/Translocation      5
   f - Summon Mana Viper              Hexes/Summoning              5
Comestibles
 e - 3 bread rations
 n - 3 meat rations
 w - 6 fruits


   Skills:
 - Level 2.4 Fighting
 * Level 7.1 Axes
 - Level 2.0 Throwing
 - Level 2.4 Dodging


You had 3 spell levels left.
You didn't know any spells.

Dungeon Overview and Level Annotations

Branches:
Dungeon (3/15)

Altars:


Message History

h - 4 scrolls of noise Read which item? (? for menu, Esc to quit)
Blink to where?
Press: ? - help, Dir - move target cursor, f - you Are you sure you want to cancel this blink?
Okay, then.
As you read the scroll labeled TOFIMY RYVOPN, it crumbles to dust.
It was a scroll of blinking.
Read which item? (? for menu, Esc to quit)
As you read the scroll labeled SIANNE PAHAKOI, it crumbles to dust.
You feel blessed for a moment.
It was a scroll of remove curse.
Read which item? (? for menu, Esc to quit)
As you read the scroll labeled FARUMI NOPUT, it crumbles to dust.
You feel strangely unstable.
It was a scroll of teleportation.
Read which item? (? for menu, Esc to quit)
As you read the scroll labeled WITEOCZ QIGYCK, it crumbles to dust.
You assume a fearsome visage.
Nothing appears to happen.
It was a scroll of fear.
Okay, then.
Are you sure you want to abandon this character and quit the game? (Confirm with "yes".)

###################
.............[..@.#
#################.#
.# #### ## ...##
.#..# ....# .#
.#..# #.# ...(###.#


There were no monsters in sight!

Vanquished Creatures
  2 adders
  A gnoll (D:1)
  3 oozes
  5 worms
  An orc (D:3)
  A giant cockroach (D:1)
  8 goblins
  7 hobgoblins
  4 jackals (D:1)
  A ball python (D:3)
  7 bats
  2 giant newts
  5 kobolds
  7 rats
54 creatures vanquished.

Notes
Turn   | Place    | Note
--------------------------------------------------------------
     0 | D:1      | wvc the Hill Orc Gladiator began the quest for the Orb.
     0 | D:1      | Reached XP level 1. HP: 18/18 MP: 1/1
    40 | D:1      | Reached XP level 2. HP: 5/25 MP: 2/2
   368 | D:1      | Reached skill level 5 in Axes
   663 | D:1      | Reached XP level 3. HP: 30/30 MP: 3/3
  1037 | D:2      | Reached skill level 6 in Axes
  1129 | D:2      | Reached XP level 4. HP: 19/37 MP: 4/4
  1592 | D:3      | Upgraded the game from 0.17-a0-1069-g92ad481 to 0.17-a0-1078-g243345b
  1791 | D:3      | Reached skill level 7 in Axes
  2230 | D:3      | Quit the game

Vault maps used:
D:1:      minmay_arrival_shattered_statue
D:2:      first_bread, lemuel_another_geyser
D:3:      serial_glass, glass_columns_b, glass_columns_a

Action                   |  1- 3 |  4- 6 || total
-------------------------+-------+-------++-------
Melee: War axe           |   101 |    72 ||   173
Throw: Throwing net      |       |     1 ||     1
  Use: Potion            |       |     8 ||     8
       Scroll            |       |     6 ||     6
  Eat: Chunk             |       |     4 ||     4
